 Dungeon Crawl Stone Soup version 0.31.0-32-g396128a36d (webtiles) character file.

Game seed: 1656966253844477705

3461 concernfroge the Spear-Bearer (level 9, -2/127 HPs)
             Began as a Minotaur Berserker on Apr 16, 2024.
             Was a Priest of Trog.
             Slain by a bullfrog (5 damage)
             ... on level 7 of the Dungeon.
             The game lasted 00:13:16 (6231 turns).

concernfroge the Spear-Bearer (Minotaur Berserker)  Turns: 6231, Time: 00:13:17

Health: -2/127     AC: 11    Str: 25    XL:     9   Next: 78%
Magic:  8/8        EV:  9    Int:  4    God:    Trog [***...]
Gold:   357        SH:  0    Dex: 11    Spells: 8/8 levels left

rFire   . . .        l - +0 scythe
rCold   . . .        (shield currently unavailable)
rNeg    . . .        q - +0 chain mail
rPois   .            (helmet restricted)
rElec   .            p - +0 cloak
rCorr   +            (no gloves)
SInv    .            s - +0 pair of boots
Will    .....        (no amulet) Stlth
                     m - ring of resist corrosion
HPRegen 0.41/turn    (no ring)
MPRegen 0.11/turn

%: no passive effects
@: berserking (expiring), very quick
A: horns 2, retaliatory headbutt
a: Renounce Religion, Berserk, Trog's Hand


You were on level 7 of the Dungeon.
You worshipped Trog.
Trog was most pleased with you.
You visited 2 branches of the dungeon, and saw 8 of its levels.

You collected 357 gold pieces.

Inventory:

Hand Weapons
 l - a +0 scythe (weapon)
 t - a +0 trident
Armour
 a - the +7 tower shield "Iciptaesac" {Int+3}
   (You found it on level 4 of the Dungeon)

   Int+3:     It affects your intelligence (+3).
 p - a +0 cloak (worn)
 q - a +0 chain mail (worn)
 s - a +0 pair of boots (worn)
 u - a +1 buckler of fire resistance
Jewellery
 m - a ring of resist corrosion (left hand)
Wands
 o - a wand of flame (34)
 w - a wand of mindburst (16)
 B - a wand of digging (8)
Scrolls
 e - 6 scrolls of identify {unknown}
 f - a scroll of teleportation {unknown}
 i - 3 scrolls of enchant armour {unknown}
 j - a scroll of silence {unknown}
 n - a scroll of torment {unknown}
 x - 2 scrolls of immolation {unknown}
 y - 2 scrolls of blinking {unknown}
 A - a scroll of enchant weapon {unknown}
 C - a scroll of poison {unknown}
Potions
 b - 3 potions of curing {unknown}
 c - 4 potions of cancellation {unknown}
 d - a potion of attraction {unknown}
 g - a potion of haste {unknown}
 h - 2 potions of brilliance {unknown}
 k - a potion of enlightenment {unknown}
 r - a potion of heal wounds {unknown}
 v - 2 potions of invisibility {unknown}
 z - 2 potions of degeneration {unknown}
 D - a potion of might {unknown}


   Skills:
 - Level 10.0 Fighting
 - Level 14.0 Polearms
 - Level 2.4 Armour
 - Level 2.1 Dodging
 + Level 2.2 Shields


You had 8 spell levels left.
You didn't know any spells.
Your spell library was empty.

Dungeon Overview and Level Annotations

Branches:
Dungeon (7/15)             Temple (1/1) D:6

Altars:
Dithmenos
Elyvilon
Fedhas
Gozag
Hepliaklqana
Kikubaaqudgha
Nemelex Xobeh
Okawaru
Qazlal
Sif Muna
Trog
Uskayaw
Vehumet
Wu Jian
Xom
Yredelemnul
Zin

Annotations:
D:4 3 runed translucent doors, exclusion: 3 doors, bane2007's ghost, amateur GnGl; clintblambert's ghost, amateur DESu; flammie80's ghost, weakling FoMo; tizbic2's ghost, amateur DsHu
D:6 1 runed translucent door, exclusion: door, Fractals's ghost, novice HuAr


Innate Abilities, Weirdness & Mutations

You have a pair of horns on your head.
You reflexively headbutt those who attack you in melee.


Message History

The pyre arrow hits you.
You are covered in intense liquid fire!
You closely miss the deep elf pyromancer.
The deep elf pyromancer is heavily wounded.
The liquid fire burns you! The fire elemental hits you.
The fire elemental burns you!
* * * LOW HITPOINT WARNING * * *
The fire elemental hits you.
* * * LOW HITPOINT WARNING * * *
The fire elemental burns you!
* * * LOW HITPOINT WARNING * * *
You barely miss the deep elf pyromancer.
You headbutt the deep elf pyromancer.
The deep elf pyromancer is severely wounded.
The liquid fire burns you!
* * * LOW HITPOINT WARNING * * *
The deep elf pyromancer casts a spell.
The deep elf pyromancer blinks!
An orc comes into view. It is wielding a +0 dagger.
The fire elemental barely misses you. You furiously retaliate!
You headbutt the fire elemental! You hit the orc. You headbutt the orc.
You kill the orc!
Trog accepts your kill. The liquid fire burns you!
* * * LOW HITPOINT WARNING * * *
The fire elemental hits you. The fire elemental burns you!
* * * LOW HITPOINT WARNING * * *
You shake off some of the fire as you move.
The liquid fire burns you!
* * * LOW HITPOINT WARNING * * *
The fire elemental barely misses you. You furiously retaliate!
You headbutt the fire elemental!
You are too berserk!
You shake off the liquid fire.
You feel a strong urge to attack something.
The bullfrog attacks as it pursues you!
The bullfrog hits you but does no damage.
The bullfrog attacks as it pursues you! The bullfrog hits you.
You die...

.................#.#.
.)<.[............#..#.#....
........#..........##.#....
.....##.#..........#...o...
#....#............##>..o...
.....##.............o......
#.....#..##................
##...#...####....F..)e.....
###..##..#####.†@E○○°......
.....[....#....†..E°.......
...........................
.##.......#.#..........?...
##.........##..............
........................##.
........................#
............####..........
#...........# #..........


You could see a deep elf pyromancer, 2 fire elementals, a bullfrog, an orc
wizard and 2 orcs.

Vanquished Creatures
  Pikel (D:6)
  Joseph (D:7)
  Prince Ribbit (D:6)
  Sigmund (D:2)
  A wyvern (D:7)
  2 steam dragons (D:6)
  Edmund (D:5)
  2 sky beasts (D:6)
  2 black bears
  A centaur (D:6)
  A phantom (D:6)
  A lemure (D:6)
  2 scorpions
  5 wights
  4 howler monkeys
  2 jellies
  Crazy Yiuf (D:2)
  2 hounds
  4 orc priests
  2 sleepcaps
  A gnoll bouda (D:5)
  3 iguanas (D:5)
  3 orc wizards
  A mummy (D:4)
  7 adders
  4 gnolls (D:5)
  A white imp (D:6)
  The ghost of flammie80 the Trooper, a weakling FoMo (D:3)
  A dart slug (D:1)
  A ribbon worm (D:3)
  30 orcs
  4 ball pythons
  5 bats
  2 endoplasms
  3 giant cockroaches
  5 goblins
  9 hobgoblins
  11 jackals
  A quokka (D:1)
  5 frilled lizards
  A hobgoblin zombie (D:4)
  3 kobolds
  3 orc zombies (D:4)
  4 rats
146 creatures vanquished.

Vanquished Creatures (others)
  An adder (D:6)
1 creature vanquished.

Grand Total: 147 creatures vanquished

Notes
Turn   | Place    | Note
-------+----------+-------------------------------------------
     0 | D:1      | concernfroge the Minotaur Berserker began the quest for the
                  | Orb.
     0 | D:1      | Reached XP level 1. HP: 19/19 MP: 0/0
   105 | D:1      | Found a faded altar of an unknown god.
   128 | D:1      | Reached XP level 2. HP: 28/28 MP: 1/1
   929 | D:2      | Reached skill level 5 in Fighting
   937 | D:2      | Reached XP level 3. HP: 34/36 MP: 2/2
   969 | D:2      | Noticed Sigmund
   975 | D:2      | Killed Sigmund
   976 | D:2      | Reached XP level 4. HP: 47/47 MP: 3/3
   976 | D:2      | Reached XP level 5. HP: 52/52 MP: 4/4
  1023 | D:2      | Reached ** piety under Trog
  1140 | D:2      | Found a runed translucent door.
  1141 | D:2      | Noticed Crazy Yiuf
  1490 | D:2      | Killed Crazy Yiuf
  1648 | D:3      | Reached XP level 6. HP: 61/61 MP: 5/5
  1913 | D:3      | Found a runed translucent gate.
  1913 | D:3      | Found a runed translucent gate.
  1917 | D:3      | Found a runed translucent gate.
  1919 | D:3      | Noticed flammie80's ghost (weakling FoMo)
  2306 | D:3      | Killed flammie80's ghost
  2430 | D:4      | Identified the +7 tower shield "Iciptaesac" {Int+3}
  2676 | D:4      | Found a runed translucent gate.
  2676 | D:4      | Found a runed translucent gate.
  2676 | D:4      | Found a runed translucent gate.
  2678 | D:4      | Noticed tizbic2's ghost (amateur DsHu)
  2678 | D:4      | Noticed flammie80's ghost (weakling FoMo)
  2679 | D:4      | Noticed clintblambert's ghost (amateur DESu)
  2681 | D:4      | Noticed bane2007's ghost (amateur GnGl)
  3539 | D:5      | Entered Level 5 of the Dungeon
  3581 | D:5      | Noticed Edmund
  3592 | D:5      | Killed Edmund
  3593 | D:5      | Reached XP level 7. HP: 71/71 MP: 6/6
  3718 | D:5      | Reached skill level 10 in Fighting
  3718 | D:5      | Reached skill level 4 in Polearms
  4180 | D:5      | Reached skill level 5 in Polearms
  4189 | D:5      | Reached *** piety under Trog
  4225 | D:5      | Reached skill level 6 in Polearms
  4829 | D:6      | Noticed a steam dragon
  4840 | D:6      | Killed a steam dragon
  4841 | D:6      | Reached skill level 7 in Polearms
  4841 | D:6      | Reached XP level 8. HP: 52/79 MP: 7/7
  4998 | D:6      | Reached skill level 8 in Polearms
  5129 | D:6      | Reached skill level 9 in Polearms
  5194 | D:6      | Found a runed translucent door.
  5194 | D:6      | Noticed Fractals's ghost (novice HuAr)
  5244 | D:6      | Noticed Pikel
  5258 | D:6      | Killed Pikel
  5259 | D:6      | Reached skill level 11 in Polearms
  5259 | D:6      | Reached XP level 9. HP: 59/85 MP: 8/8
  5688 | D:6      | Found a staircase to the Ecumenical Temple.
  5710 | Temple   | Entered the Ecumenical Temple
  5789 | D:7      | Noticed Prince Ribbit
  5825 | D:6      | Killed Prince Ribbit
  5826 | D:6      | Reached skill level 12 in Polearms
  5981 | D:7      | Reached skill level 13 in Polearms
  6011 | D:7      | Noticed Joseph
  6030 | D:7      | Killed Joseph
  6031 | D:7      | Reached skill level 14 in Polearms
  6203 | D:7      | Reached skill level 1 in Shields
  6215 | D:7      | Noticed a deep elf pyromancer
  6228 | D:7      | HP: 5/127 [fire elemental[a deep elf pyromancer] (10)]
  6229 | D:7      | HP: 2/127 [burnt (3)]
  6231 | D:7      | Slain by a bullfrog

Illustrated notes

Levels and vault maps discovered:
D:1:      dpeg_arrival_shrine, layout_loops_ring,
          shapermc_ecumenical_altar_mp_ritualfount, dk_noncrumbling_4,
          minmay_tetromino_t4
D:2:      layout_basic, minmay_misc_feat_room, grunt_decor_fettered,
          grunt_decor_mini_mirrors, uniq_sigmund, uniq_crazy_yiuf_cottage
D:3:      layout_loops_ring, biasface_ghost_orc_armoury, grunt_ministairs_13
D:4:      layout_layer_cave, gammafunk_ghost_cemetery, minmay_mini_ossuary
D:5:      layout_loops_corners, uniq_edmund
D:6:      layout_rooms, minmay_temple_entry_offerings,
          hellmonk_ghost_happy_afterlife, columned_hall_lemuel, uniq_pikel
D:7:      cheibrodos_two_vegetables, layout_cave_pools, glass_columns_a,
          uniq_prince_ribbit1, uniq_joseph
Temple:   bh_familiar_temple

Skill      XL: |  1  2  3  4  5  6  7  8  9 |
---------------+----------------------------+-----
Fighting       | 4 5 7 8 9 10 | 10.0
Polearms       | 7 11 14 | 14.0
Shields        | 2 |  2.2
Armour         | |  2.4
Dodging        | |  2.1

Action                     |  1- 3 |  4- 6 |  7- 9 || total
---------------------------+-------+-------+-------++-------
  Melee: Spear             |    56 |       |       ||    56
         Headbutt          |     7 |    13 |    29 ||    49
         Halberd           |       |   141 |   211 ||   352
 Invoke: Berserk           |     1 |     3 |     5 ||     9
         Trog's Hand       |       |     1 |     1 ||     2
 Armour: Ring mail         |    19 |    25 |       ||    44
         Chain mail        |       |    55 |   201 ||   256
  Dodge: Dodged            |    20 |    59 |    83 ||   162
